 Dungeon Crawl Stone Soup version 0.29-a0-648-g6b26cc9f40 (webtiles) character file.

Game seed: 6518799217065409895

21112 Kaemin the Bludgeoner (level 12, -2/165 HPs)
             Began as a Minotaur Berserker on June 19, 2022.
             Was an Elder of Trog.
             Slain by an orc warlord
             ... wielding a +0 bardiche
              (5 damage)
             ... on level 2 of the Orcish Mines on June 20, 2022.
             The game lasted 01:40:17 (13820 turns).

Kaemin the Bludgeoner (Minotaur Berserker)         Turns: 13820, Time: 01:40:19

Health: -2/165     AC: 37    Str: 32    XL:     12   Next: 51%
Magic:  11/11      EV:  2    Int:  4    God:    Trog [****..]
Gold:   982        SH:  0    Dex: 11    Spells: 9/11 levels left

rFire   . . .      SeeInvis .   v - +6 flail (protect)
rCold   . . .      Faith    .   (no shield)
rNeg    . . .      Spirit   .   (body armour currently unavailable)
rPois   +          Reflect  .   (helmet currently unavailable)
rElec   .          Harm     .   (cloak currently unavailable)
rCorr   .          Rampage  .   (gloves currently unavailable)
Will    ++...      NoTele   +   (boots currently unavailable)
Stlth   ++........              C - amulet of regeneration
HPRegen 2.17/turn               y - +6 ring of strength
MPRegen 0.12/turn               d - +4 ring of protection

@: tree-form, strong-willed, under a protective aura, on berserk cooldown,
regenerating, slowed, very slow
A: stationary, stasis, torment immunity, boosted hp, (horns 2), (retaliatory
headbutt)
a: Renounce Religion, Berserk, Trog's Hand, Brothers in Arms


You were on level 2 of the Orcish Mines.
You worshipped Trog.
Trog was greatly pleased with you.
You were a tree.
You visited 2 branches of the dungeon, and saw 12 of its levels.

You collected 1227 gold pieces.
You spent 245 gold pieces at shops.

Inventory:

Hand Weapons
 g - a +0 great sword
 v - a +6 flail of protection (weapon)
 x - a +2 mace of holy wrath
 F - a +4 great sword
Missiles
 b - 4 boomerangs
 j - 23 poisoned darts (quivered)
Armour
 c - a +1 cloak (melded)
 e - a +2 plate armour of poison resistance (melded)
 f - a +1 pair of gloves
 r - the +6 ring mail of the Lair of Beasts {Drain rPois rCorr Int-3}
   (You took it off a kobold on level 2 of the Dungeon)

   Int:       It affects your intelligence (-3).
   rPois:     It protects you from poison.
   rCorr:     It protects you from acid and corrosion.
   Drain:     It drains your maximum health when unequipped.
 s - a +0 plate armour
 L - a +2 pair of gloves (melded)
 O - +0 steam dragon scales
 T - +0 acid dragon scales
Jewellery
 d - a +4 ring of protection (right branch)
 q - a ring of protection from cold
 y - a +6 ring of strength (left branch)
 A - a ring of resist corrosion
 C - an amulet of regeneration (around neck)
Wands
 m - a wand of iceblast (4)
Scrolls
 h - 2 scrolls of identify
 l - a scroll of enchant weapon
 p - a scroll of vulnerability
 u - a scroll of fog
 J - a scroll of poison
Potions
 a - 2 potions of curing
 k - a potion of invisibility
 n - 2 potions of attraction
 o - 2 potions of cancellation
 t - 2 potions of haste
 w - a potion of lignification
 z - 2 potions of brilliance
 D - 2 potions of degeneration {unknown}
 I - 2 potions of magic {unknown}
 P - a potion of ambrosia {unknown}
Miscellaneous
 R - a piece from Xom's chessboard (15/15)


   Skills:
 + Level 11.3 Fighting
 + Level 5.2 Long Blades
 + Level 3.8(10.6) Axes
 + Level 15.2(15.4) Maces & Flails
 + Level 3.5 Throwing
 + Level 11.7 Armour
 + Level 8.2 Dodging
 + Level 3.4 Stealth
 + Level 1.3 Evocations


You had 9 spell levels left.
You knew the following spells:

 Your Spells              Type           Power      Damage    Failure   Level
a - Sublimation of Blood  Necr           0%         N/A       65%         2

Your spell library contained the following spells:

 Spells                   Type           Power      Damage    Failure   Level
 Wereblood                Tmut           0%         N/A       65%         2
 Summon Hydra             Summ           0%         N/A       100%        7


Dungeon Overview and Level Annotations

Branches:
Dungeon (10/15)            Temple (0/1) D:5            Lair (0/6) D:10
    Orc (2/2) D:10            Elf (0/3) Orc:2

Altars:
Cheibriados
The Shining One
Beogh

Shops:
D:7 ?   Orc:1 *   Orc:2 =:


Innate Abilities, Weirdness & Mutations

You are a tree.
Your roots penetrate the ground, keeping you stationary.
You cannot be teleported.
You are immune to unholy pain and torment.
Your maximum health is greatly increased.
Your equipment is partially melded.
((You have a pair of horns on your head.))
((You reflexively headbutt those who attack you in melee.))


Message History

Press: ? - help, Q - select action, (/) - cycle Shift-Dir - straight line, f/p - orc warlord
Aim: an orc warlord, wielding a +0 bardiche and wearing a +0 chain mail (lightly wounded)
The mass of ice explodes!
The iceblast engulfs the orc warlord!
The orc warlord is lightly wounded.
The iceblast engulfs something!
Trog accepts your kill.
Trog appreciates your killing of a magic user.
Reactivating autopickup.
You feel a bit more experienced.
The iceblast engulfs the orc warrior!
The orc warrior is severely wounded.
Your attack snaps the orc warrior out of its fear.
The iceblast engulfs the orc knight!
The orc knight is lightly wounded.
Your attack snaps the orc knight out of its fear.
The orc priest no longer looks unusually strong.
The orc no longer looks unusually strong.
The orc knight roars a battlecry!
The orcs go into a battle-frenzy!
The orc warlord hits you from afar with a +0 bardiche!!
* * * LOW HITPOINT WARNING * * *
The orc priest looks encouraged for a moment.
Cornered, the orc turns to fight!
The orc warlord roars a battlecry!
Really quaff the potion of lignification?
You turn into a tree.
Your +1 cloak melds into your body.
Your +2 pair of gloves melds into your body.
Your +2 plate armour of poison resistance melds into your body.
You no longer feel resistant to poison.
Your roots penetrate the ground.
The orc knight hits you with a +0 great sword!!
* * * LOW HITPOINT WARNING * * *
The orc warlord hits you from afar with a +0 bardiche!
* * * LOW HITPOINT WARNING * * *
You sock the orc knight!
Your weapon exudes an aura of protection.
The orc knight is moderately wounded.
The orc warrior seems to regain its courage.
The troll seems to regain its courage.
The orc knight roars a battlecry!
The orc warlord hits you from afar with a +0 bardiche.
You die...

#........######.......######.....
#...............................)
#.###..#.####.#................[.
..##...### #...................).
#####..#####...^8.8..............
$# #....#........)..............
## ##........##'))##............
#### #......###.....###..........
.#.####....## #8♣).8# ##.........
#...# ###..# ##)oo## #.........
.#.# #...# #To)# #.........
...### ##..# .oo.o'. #.........
.....## ...#.o.#oo.#...#.........
#.....###..#####h8o#####.........
...#)..###.# #.o.# #.........
..))).)....#


o.oo' #.##...... ...#).)))..# #...# #. ##...#. You could see an orc warlord
(strong), an orc knight (strong), a troll, a warg, 4 orc warriors, 2 orc priests
and 5 orcs.

Vanquished Creatures
  An orc warlord (Orc:2)
  A boulder beetle (D:6)
  3 centaur warriors (D:8)
  Erica (D:8)
  2 two-headed ogres
  An orc high priest (Orc:2)
  Nergalle (D:10)
  The ghost of DocClef the Cleaver, a novice DrFi of Okawaru (D:7)
  Pikel (D:7)
  2 orc knights (Orc:2)
  An orc sorcerer (Orc:2)
  An ugly thing (D:7)
  A deep elf pyromancer (D:8)
  Joseph (D:8)
  Maurice (D:10)
  A gargoyle (D:10)
  Maggie (D:7)
  2 komodo dragons (D:10)
  4 trolls
  A hornet (D:9)
  A wraith (D:9)
  3 wyverns
  Eustachio (D:6)
  2 vampire mosquitoes
  3 steam dragons (D:7)
  Menkaure (D:5)
  2 acid dragons
  4 wargs
  A sky beast (D:7)
  3 black bears
  24 orc warriors
  2 ice beasts (D:7)
  6 ogres
  2 lemures (D:7)
  3 centaurs
  4 phantoms
  4 kobold brigands
  A bullfrog (D:7)
  2 scorpions (D:4)
  4 wights (D:9)
  5 killer bees (D:9)
  4 howler monkeys
  8 hounds
  11 orc priests
  3 iguanas
  6 jellies
  3 gnoll shamans
  Jessica (D:3)
  Crazy Yiuf (D:4)
  Ijyb (D:4)
  16 orc wizards
  A mummy (D:4)
  Robin (D:3)
  20 gnolls
  7 adders
  A white imp (D:6)
  An ufetubus (D:7)
  2 worms
  2 dart slugs (D:2)
  62 orcs
  6 endoplasms
  2 giant cockroaches
  11 goblins
  9 hobgoblins
  10 jackals
  2 quokkas
  10 ball pythons
  3 bats
  2 frilled lizards (D:2)
  19 kobolds
  6 rats
337 creatures vanquished.

Vanquished Creatures (collateral kills)
  A troll (D:8)
  A basilisk (D:8)
  An orc warrior (Orc:2)
3 creatures vanquished.

Vanquished Creatures (others)
  A water moccasin (D:7)
  An ogre (Orc:2)
  2 orcs
  34 plants
38 creatures vanquished.

Grand Total: 378 creatures vanquished

Notes
Turn   | Place    | Note
-------+----------+-------------------------------------------
     0 | D:1      | Kaemin the Minotaur Berserker began the quest for the Orb.
     0 | D:1      | Reached XP level 1. HP: 19/19 MP: 0/0
   172 | D:1      | Reached XP level 2. HP: 22/27 MP: 1/1
  1170 | D:2      | Found a faded altar of an unknown god.
  1182 | D:2      | Identified the +6 ring mail of the Lair of Beasts {Drain
                  | rPois rCorr Int-3}
  1274 | D:2      | Reached XP level 3. HP: 4/33 MP: 2/2
  2026 | D:2      | Reached ** piety under Trog
  2090 | D:2      | Found a glowing golden altar of the Shining One.
  2100 | D:2      | You fall into a shaft and drop 2 floors!
  2122 | D:4      | Reached XP level 4. HP: 30/40 MP: 3/3
  2324 | D:3      | Reached skill level 5 in Long Blades
  2324 | D:3      | Reached skill level 1 in Axes
  2324 | D:3      | Reached XP level 5. HP: 14/47 MP: 4/4
  2573 | D:3      | Noticed an ogre
  2583 | D:3      | Killed an ogre
  3135 | D:3      | Noticed Robin
  3144 | D:3      | Killed Robin
  3145 | D:3      | Reached XP level 6. HP: 55/55 MP: 5/5
  3203 | D:3      | Reached skill level 5 in Fighting
  3263 | D:3      | Noticed Jessica
  3277 | D:3      | Killed Jessica
  3742 | D:3      | Reached skill level 1 in Stealth
  4161 | D:4      | Reached skill level 1 in Maces & Flails
  4228 | D:4      | Reached XP level 7. HP: 61/61 MP: 6/6
  4230 | D:4      | Reached skill level 2 in Maces & Flails
  4344 | D:4      | Reached skill level 3 in Maces & Flails
  4383 | D:4      | Reached *** piety under Trog
  4451 | D:4      | Noticed Ijyb
  4453 | D:4      | Reached skill level 4 in Maces & Flails
  4453 | D:4      | Reached skill level 5 in Armour
  4465 | D:4      | Killed Ijyb
  4579 | D:4      | Found a runed translucent door.
  4580 | D:4      | Noticed Crazy Yiuf
  4586 | D:4      | Killed Crazy Yiuf
  4688 | D:4      | Found a snail-covered altar of Cheibriados.
  4696 | D:4      | Reached skill level 5 in Maces & Flails
  4948 | D:4      | Reached XP level 8. HP: 70/70 MP: 7/7
  5061 | D:5      | Entered Level 5 of the Dungeon
  5416 | D:5      | Reached skill level 6 in Maces & Flails
  5431 | D:5      | Identified the +0 robe of Duty {+Blink Int+4}
  5556 | D:5      | Found a staircase to the Ecumenical Temple.
  5751 | D:5      | Noticed Menkaure
  5757 | D:5      | Killed Menkaure
  5895 | D:5      | Reached skill level 7 in Maces & Flails
  6392 | D:6      | Noticed Eustachio
  6414 | D:6      | Killed Eustachio
  6500 | D:6      | Noticed a boulder beetle
  6532 | D:6      | Killed a boulder beetle
  6533 | D:6      | Reached skill level 9 in Maces & Flails
  6533 | D:6      | Reached XP level 9. HP: 53/79 MP: 8/8
  6796 | D:6      | Reached skill level 5 in Dodging
  7575 | D:7      | Noticed DocClef's ghost (novice DrFi)
  7576 | D:7      | Found a transporter.
  7577 | D:7      | Noticed a cyan ugly thing
  7578 | D:7      | Found Zot Mown's Magic Scroll Shoppe.
  7597 | D:7      | Found a transporter.
  7600 | D:7      | Noticed Maggie
  7612 | D:7      | Killed Maggie
  7613 | D:7      | Reached skill level 10 in Maces & Flails
  7809 | D:7      | Bought a scroll of enchant weapon for 97 gold pieces
  7809 | D:7      | Bought a scroll of enchant armour for 97 gold pieces
  8283 | D:7      | Noticed Pikel
  8295 | D:7      | Killed Pikel
  8296 | D:7      | Reached skill level 11 in Maces & Flails
  8296 | D:7      | Reached XP level 10. HP: 88/88 MP: 9/9
  8672 | D:7      | Killed a cyan ugly thing
  8676 | D:7      | Reached skill level 1 in Throwing
  8684 | D:7      | Killed DocClef's ghost
  8685 | D:7      | Reached skill level 12 in Maces & Flails
  8737 | D:8      | Noticed a two-headed ogre
  8902 | D:8      | Noticed a centaur warrior
  8914 | D:8      | Killed a centaur warrior
  9049 | D:8      | Noticed a centaur warrior
  9066 | D:8      | Killed a two-headed ogre
  9070 | D:8      | Killed a centaur warrior
  9071 | D:8      | Reached skill level 13 in Maces & Flails
  9071 | D:8      | Reached XP level 11. HP: 95/95 MP: 10/10
  9072 | D:8      | Noticed a deep elf pyromancer
  9074 | D:8      | Noticed a centaur warrior
  9089 | D:8      | Killed a deep elf pyromancer
  9090 | D:8      | Killed a centaur warrior
  9280 | D:8      | Noticed Joseph
  9289 | D:8      | Killed Joseph
  9507 | D:8      | Identified the +7 flail of the Burnt God {pain, *Slow
                  | Fragile rElec Str+7 Stlth+}
  9511 | D:8      | Was placed under penance by Trog
  9514 | D:8      | Learned a level 2 spell: Sublimation of Blood
  9676 | D:8      | Noticed Erica
  9686 | D:8      | Killed Erica
  9759 | D:8      | Identified the +1 helmet "Movoigoylo" {Harm rN+ Str-4}
  9985 | D:9      | Reached skill level 1 in Evocations
 10041 | D:9      | Was forgiven by Trog
 10539 | D:9      | Reached skill level 14 in Maces & Flails
 10736 | D:10     | Entered Level 10 of the Dungeon
 11652 | D:10     | Noticed Maurice
 11667 | D:10     | Killed Maurice
 11757 | D:10     | Reached skill level 10 in Armour
 11758 | D:10     | Found a staircase to the Orcish Mines.
 11787 | D:10     | Reached skill level 10 in Fighting
 11796 | D:10     | Noticed Nergalle
 11807 | D:10     | Killed Nergalle
 12148 | D:10     | Found a staircase to the Lair.
 12479 | D:10     | Upgraded the game from 0.29-a0-620-g13ace881f2 to
                  | 0.29-a0-648-g6b26cc9f40
 12527 | Orc:1    | Entered Level 1 of the Orcish Mines
 12565 | Orc:1    | Found Panoyhai's General Store.
 12573 | Orc:1    | Bought a potion of curing for 51 gold pieces
 12597 | Orc:1    | Reached **** piety under Trog
 12657 | Orc:1    | Noticed a two-headed ogre
 12669 | Orc:1    | Killed a two-headed ogre
 12830 | Orc:2    | Entered Level 2 of the Orcish Mines
 12953 | Orc:2    | Noticed an orc sorcerer
 12964 | Orc:2    | Killed an orc sorcerer
 12965 | Orc:2    | Reached XP level 12. HP: 92/108 MP: 11/11
 12976 | Orc:2    | Found Yca Ten's Jewellery Shop.
 13069 | Orc:2    | Noticed an orc warlord
 13119 | Orc:2    | Killed an orc warlord
 13303 | Orc:2    | Reached skill level 15 in Maces & Flails
 13333 | Orc:2    | Found a staircase to the Elven Halls.
 13517 | Orc:2    | Noticed an orc high priest
 13533 | Orc:2    | Killed an orc high priest
 13539 | Orc:2    | Found Ynaacoap's Book Emporium.
 13796 | Orc:2    | Noticed an orc warlord
 13819 | Orc:2    | HP: 1/165 [orc warlord/+0 bardiche (12)]
 13820 | Orc:2    | Slain by an orc warlord

Illustrated notes

Levels and vault maps discovered:
D:1:      erik_arrival_blinker_ship, layout_basic, interstate_on_off
D:2:      layout_loops_cross, basic_altar,
          chequers_ecumenical_altar_simple_redux
D:3:      layout_loops_cross, serial_bayou_pond_b, minmay_box_of_dots,
          uniq_jessica, uniq_robin
D:4:      minmay_razor_zed, layout_cave_pools, slow_altar_2,
          minmay_misc_feat_room, uniq_crazy_yiuf_cottage, uniq_ijyb
D:5:      layout_basic, minmay_temple_entry_ruins, uniq_menkaure
D:6:      layout_loops_corners, uniq_eustachio
D:7:      layout_basic, serial_shops, shop, gammafunk_ghost_arena, uniq_maggie,
          uniq_pikel
D:8:      minmay_cut_squares, layout_basic, hellmonk_bongcloud_opening,
          uniq_erica, uniq_joseph
D:9:      layout_gridville
D:10:     layout_loops_ring, david_lair_shrubbed, orc_0_dummy, uniq_nergalle,
          uniq_maurice
Orc:1:    layout_caves, serial_shops, nicolae_shop_stone
Orc:2:    grunt_orc_community_town_hall, layout_caves,
          grunt_orc_community_big_house_2, grunt_orc_community_big_house_2,
          grunt_orc_community_house_1, grunt_orc_community_house_2,
          grunt_orc_community_house_2, grunt_orc_community_house_1,
          grunt_orc_community_house_2

Skill      XL: |  1  2  3  4  5  6  7  8  9 10 11 12 |
---------------+-------------------------------------+-----
Long Blades    | 4 5 |  5.2
Fighting       | 4 5 7 8 10 11 | 11.3
Armour         | 3 4 5 6 7 9 10 11 | 11.7
Axes           | 1 2 3 |  3.8
Dodging        | 3 4 5 6 8 |  8.2
Stealth        | 1 2 3 |  3.4
Maces & Flails | 1 5 9 11 13 14 15 | 15.2
Throwing       | 1 3 |  3.5
Evocations     | 1 |  1.3

Action                   |  1- 3 |  4- 6 |  7- 9 | 10-12 || total
-------------------------+-------+-------+-------+-------++-------
Melee: Falchion          |    67 |       |       |       ||    67
       Headbutt          |    10 |    11 |    38 |    83 ||   142
       War axe           |    21 |    70 |       |       ||    91
       Long sword        |     6 |       |       |       ||     6
       Punch             |     1 |     1 |     2 |     2 ||     6
       Flail             |       |    40 |   207 |   442 ||   689
Throw: Dart              |       |       |     3 |    23 ||    26
Invok: Berserk           |     2 |     4 |     6 |    16 ||    28
       Trog's Hand       |       |     2 |     2 |     9 ||    13
Evoke: Wand              |       |       |     1 |     4 ||     5
       Piece from Xom's  |       |       |       |     2 ||     2
  Use: Scroll            |     2 |     7 |     5 |    14 ||    28
       Potion            |       |       |     1 |     8 ||     9
Armor: Animal skin       |     6 |       |       |       ||     6
       Leather armour    |    10 |       |       |       ||    10
       Scale mail        |    10 |       |       |       ||    10
       Ring mail         |    11 |    63 |    97 |   158 ||   329
       Skin              |     1 |       |       |       ||     1
       Plate armour      |       |       |       |   144 ||   144
Dodge: Dodged            |    55 |    83 |   119 |   247 ||   504

Table legend: (Time is in decaauts)
 A = Elapsed time spent in this place.
 B = Non-inter-level travel time spent in this place.
 C = Inter-level travel time spent in this place.
 D = Time resting spent in this place.
 E = Time spent auto-exploring this place.
 F = Levels seen in this place.
 G = Mean time per level.
                   A        B        C        D        E       F      G
               +--------+--------+--------+--------+--------+-----+--------+
         Total |  14017 |  12924 |   1093 |   2638 |   3355 |  12 | 1168.1 |
       Dungeon |  12712 |  12376 |    336 |   2543 |   3355 |  10 | 1271.2 |
  Orcish Mines |   1304 |    548 |    756 |     95 |      0 |   2 |  652.0 |
               +--------+--------+--------+--------+--------+-----+--------+

Top non-repeatable levels by time:
     D:3: 2061 daAuts
    D:10: 1783 daAuts
     D:6: 1394 daAuts
     D:7: 1249 daAuts
     D:1: 1159 daAuts
     D:5: 1139 daAuts
     D:8: 1030 daAuts
     D:4: 1018 daAuts
   Orc:2: 976 daAuts
     D:2: 960 daAuts
     D:9: 914 daAuts
   Orc:1: 328 daAuts
